 Dungeon Crawl Stone Soup version 0.20-a0-1122-gb7cbeb9 (webtiles) character file.

44231 MenacingMecha the Carver (level 14, -1/79 HPs)
             Began as a Barachi Berserker on May 11, 2017.
             Was a High Priest of Trog.
             Slain by a rust devil (9 damage)
             ... on level 1 of the Abyss.
             The game lasted 01:25:00 (25546 turns).

MenacingMecha the Carver (Barachi Berserker)       Turns: 25546, Time: 01:25:01

Health: -1/79      AC: -5    Str: 18      XL:     14   Next: 27%
Magic:  14/14      EV: 18    Int:  6      God:    Trog [*****.]
Gold:   1678       SH:  0    Dex: 10 (11) Spells: 13/13 levels left

rFire    + + .     SeeInvis .   a - +4 scimitar (freeze)
rCold    + + .     Gourm    .   (no shield)
rNeg     . . .     Faith    .   A - +0 swamp dragon scales
rPois    +         Spirit   .   Q - +2 hat {MR+} {MR+}
rElec    +         Reflect  .   g - +1 cloak {rC+} {rC+}
rCorr    .         Harm     .   u - +1 pair of gloves
MR       ++...     Rnd*Rage +   E - +0 pair of boots Stlth ++........Rnd*Tele +
                                (no amulet)
Regen    0.3/turn               F - ring "Nifoump" {rElec EV+1}
MPRegen  0.2/turn               z - ring of protection from fire {rF+}

@: about to teleport, corroded, slow
A: +LOS, swims, berserk 1, [blurry vision 3], clever 1, clumsy 2, cold
resistance 1, [deformed body], [deterioration 2], [dopey 2], fire resistance 1,
[frail 3], [low mp 2], slowness 1, strong 1, [teleportitis 2], [weak 2], [no
potion heal 2], [subdued magic 2], MP-powered wands, strong legs 2
a: Hop, Berserk, Trog's Hand, Brothers in Arms, Burn Spellbooks, Renounce
Religion


You were on level 1 of the Abyss.
You worshipped Trog.
Trog was extremely pleased with you.
You were hungry.

You visited 3 branches of the dungeon, and saw 17 of its levels.
You visited the Abyss 1 time.
You also visited: Ice Cave.

You collected 1768 gold pieces.
You spent 90 gold pieces at shops.

Inventory:

Hand Weapons
 a - a +4 scimitar of freezing (weapon)
   (You took it off a wight on level 8 of the Dungeon)
 b - a +0 shortbow
   (You took it off a centaur on level 7 of the Dungeon)
 r - a +0 blowgun
   (You took it off a kobold on level 8 of the Dungeon)
 x - a +2 triple sword of holy wrath
   (Trog gifted it to you on level 4 of the Lair of Beasts)
 O - a +2 scimitar of flaming
   (You took it off Erica on level 8 of the Dungeon)
 V - a +3 antimagic great sword
   (Trog gifted it to you on level 10 of the Dungeon)
Missiles
 e - 5 tomahawks of dispersal
 p - 199 arrows
 s - 3 curare-tipped needles
 K - a throwing net
 P - 6 steel javelins
 R - 11 tomahawks (quivered)
Armour
 g - a +1 cloak of cold resistance (worn) {rC+}
   (You found it in an ice cave)
 u - a +1 pair of gloves (worn)
   (You found it on level 3 of the Dungeon)
 A - +0 swamp dragon scales (worn)
   (You found it on level 3 of the Lair of Beasts)
 E - a +0 pair of boots (worn)
   (You found it on level 6 of the Dungeon)
 Q - a +2 hat of magic resistance (worn) {MR+}
   (You took it off Gastronok on level 8 of the Dungeon)
Jewellery
 z - a ring of protection from fire (right hand) {rF+}
   (You found it on level 5 of the Dungeon)
 C - an uncursed ring of see invisible {sInv}
   (You found it on level 5 of the Dungeon)
 F - the ring "Nifoump" (left hand) {rElec EV+1}
   (You found it on level 6 of the Dungeon)

   [ring of evasion]

   It affects your evasion (+1).
   It insulates you from electricity.
 J - an uncursed ring of fire {unknown}
   (You found it on level 4 of the Lair of Beasts)
Wands
 h - a wand of digging (11/24)
   (You found it on level 4 of the Lair of Beasts)
 n - a wand of iceblast (8/15)
   (You found it on level 2 of the Lair of Beasts)
 D - a wand of flame (14/48)
   (You found it on level 4 of the Lair of Beasts)
 M - a wand of clouds (6/9)
   (You found it on level 7 of the Dungeon)
Scrolls
 f - 10 scrolls of teleportation
 i - 3 scrolls of identify
 o - a scroll of magic mapping
 t - 2 scrolls of enchant armour
 y - 3 scrolls of recharging
 B - 5 scrolls of enchant weapon
 T - 2 scrolls of immolation
Potions
 d - 2 potions of lignification
 j - 3 potions of agility
 m - 2 potions of cancellation
 q - 3 potions of flight
 v - 3 potions of curing
 w - 3 potions of might
 I - a potion of haste
 W - a potion of resistance
 Z - a potion of heal wounds
Comestibles
 c - 9 bread rations


   Skills:
 - Level 11.0 Fighting
 + Level 14.2 Long Blades
 - Level 13.2 Bows
 - Level 3.1 Throwing
 - Level 9.0 Armour
 - Level 13.4 Dodging
 - Level 6.7 Stealth
 - Level 6.1 Evocations


You had 13 spell levels left.
You didn't know any spells.

Dungeon Overview and Level Annotations

Branches:
Dungeon (10/15)            Temple (0/1) D:7            Lair (5/6) D:9
  Swamp (0/4) Lair:3       Spider (0/4) Lair:3        Slime (0/5) Lair:5
    Orc (2/2) D:10            Elf (0/3) Orc:2

Altars:
Dithmenos
Fedhas
Gozag
Hepliaklqana
Nemelex Xobeh
Ru
Vehumet
Wu Jian
Xom
Yredelemnul
Zin
The Shining One
Beogh

Shops:
D:8 *   Orc:2 ?

Annotations:
D:10 exclusion: oklob plant
Lair:2 stash, exclusion: downstairs
Lair:3 exclusion: Nergalle, Nergalle
Lair:5 Kirke


Innate Abilities, Weirdness & Mutations

Shadows flee at your approach. (+LOS)
You can swim through water.
You cover ground slowly.
You can hop longer distances.
You tend to lose your temper in combat.
Your mind is acute. (Int +2)
You are very clumsy. (Dex -4)
Your flesh is cold resistant. (rC+)
Your flesh is heat resistant. (rF+)
Your muscles are strong. (Str +2)
You expend magic power (3 MP) to strengthen your wands.
[Scrolls take you much longer to read.]
[Armour fits poorly on your strangely shaped body.]
[Your body often deteriorates upon taking damage.]
[You are very dopey. (Int -4)]
[You are extremely frail. (-30% HP)]
[Your magical capacity is very low. (-20% MP)]
[You are sometimes teleported next to monsters.]
[You are very weak. (Str -4)]
[Potions are poor at restoring your health.]
[Your spells are easier to cast, but less powerful.]


Message History

You hit the rust devil but do no damage.
The rust devil is heavily wounded.
The rust devil hits you. The rust devil corrodes you! The raiju bites you.
The raiju shocks you. You resist.
The raiju bursts into living lightning!
The living lightning hits the raiju.
The raiju completely resists.
The living lightning misses you.
The living lightning hits the raiju.
The raiju completely resists.
The raiju blinks! x4
The raiju closely misses you.
You riposte.
You hit the raiju. You freeze the raiju.
The raiju is lightly wounded.
There is a fountain of clear blue water here.
The raiju bursts into living lightning!
The living lightning hits the raiju.
The raiju completely resists.
The living lightning hits you! You resist.
The raiju blinks!
The rust devil misses you.
You riposte.
You barely miss the rust devil.
The rust devil is heavily wounded.
Really read with blurry vision while enemies are nearby? [Y]es or [N]o only, please.
Really read with blurry vision while enemies are nearby? [Y]es or [N]o only, please.
Really read with blurry vision while enemies are nearby?
The raiju bursts into living lightning!
The living lightning hits you! You resist.
The living lightning hits the raiju.
The raiju completely resists.
The living lightning hits the raiju.
The raiju completely resists.
The living lightning hits you! You resist.
The raiju blinks!
The raiju closely misses you. The raiju misses you. The rust devil hits you.
The rust devil corrodes you!
You begin reading the scroll.
You continue reading the scroll.
The raiju bursts into living lightning!
The living lightning hits you! You resist.
The living lightning hits the raiju.
The raiju completely resists.
The living lightning hits the raiju.
The raiju completely resists.
The living lightning misses you.
The raiju blinks!
The raiju bursts into living lightning!
The living lightning hits you! You resist. The living lightning misses you.
The raiju blinks!
The raiju completely misses you.
You riposte.
You slash the raiju! You freeze the raiju.
The raiju is moderately wounded.
The rust devil hits you. The rust devil corrodes you!
You continue reading the scroll.
The raiju completely misses you.
You riposte.
You slash the raiju! You freeze the raiju.
The raiju is severely wounded.
The raiju closely misses you. The rust devil misses you.
As you read the scroll of teleportation, it crumbles to dust.
You feel strangely unstable.
You feel the power of the Abyss delaying your translocation!
Your system partially rejects the healing.
You feel much better.
The raiju bursts into living lightning!
The living lightning misses you.
The living lightning hits the raiju.
The raiju completely resists.
The living lightning hits the raiju.
The raiju completely resists.
The living lightning hits you! You resist.
The raiju blinks!
The raiju closely misses you. The raiju bites you. The raiju shocks you.
You resist. The rust devil barely misses you.
A raiju comes into view.
The raiju barks!
You hit the raiju. You freeze the raiju.
The raiju is moderately wounded.
The raiju closely misses you.
You riposte.
You slash the raiju! You freeze the raiju.
The raiju is heavily wounded.
The raiju bursts into living lightning!
The living lightning hits you! You resist.
The living lightning hits the raiju.
The raiju completely resists.
The living lightning hits the raiju.
The raiju completely resists.
The living lightning hits you! You resist.
The raiju blinks!
The raiju bites you. The raiju shocks you. You resist.
* * * LOW HITPOINT WARNING * * *
You miss the raiju.
The raiju is moderately wounded.
The rust devil misses you. The raiju barely misses you.
You riposte.
You closely miss the raiju.
The raiju is heavily wounded.
The raiju bites you!
* * * LOW HITPOINT WARNING * * *
Your body deteriorates!
You feel clumsy. The raiju shocks you. You resist.
* * * LOW HITPOINT WARNING * * *
You hit the raiju but do no damage.
The raiju is moderately wounded.
The raiju bursts into living lightning!
The living lightning hits you! You resist.
* * * LOW HITPOINT WARNING * * *
The living lightning hits the raiju.
The raiju completely resists.
The living lightning hits the iron imp.
The iron imp resists.
The living lightning hits the iron imp.
The iron imp resists.
The raiju blinks!
The rust devil closely misses you.
The raiju bursts into living lightning!
The living lightning misses the raiju.
The living lightning hits you! You resist.
* * * LOW HITPOINT WARNING * * *
The raiju blinks!
Your system partially rejects the healing.
You feel much better. The raiju misses you.
You riposte.
You hit the raiju. You freeze the raiju.
The raiju is almost dead.
The raiju bursts into living lightning!
The living lightning misses you. x2; The raiju blinks!
The rust devil hits you!
You die...

# #... ## .....
.##....##### #
....#......
#...####.## ##
..##. # ..#....
##.⌠.# ###
##..... # ...
###h# ### ..#
#. #h§@# #.
.###.###h4h# .
##..........5#
#
..........##§##
.#
..#..........#
. .
####.###.⌠..#
..# . # #
....## . #.
...#####5 . #
.. #.#.# ...


You could see a rust devil, 4 raiju and an iron imp.

Vanquished Creatures
  Gastronok (D:8)
  2 hydras
  Erica (D:8)
  2 two-headed ogres (D:10)
  An orc high priest (Orc:2)
  A wretched star (Abyss:1)
  A swamp dragon (Lair:3)
  A deep elf mage (D:9)
  An orc knight (Orc:1)
  An oklob plant (Lair:4)
  An orb spider (Lair:3)
  3 orc sorcerers
  2 cyclopes
  10 elephants
  Joseph (D:7)
  4 black mambas
  An ice statue (IceCv)
  8 spiny frogs
  13 komodo dragons
  A rime drake (Lair:3)
  14 polar bears (IceCv)
  A queen bee (Lair:1)
  5 dream sheep (Lair:4)
  3 hippogriffs
  33 yaks
  The ghost of Shimatora the Chopper, an amateur HOFi (D:3)
  A basilisk (Lair:3)
  A neqoxec (Abyss:1)
  A wyvern (Lair:4)
  3 hogs (Lair:5)
  2 wargs
  5 water moccasins
  11 porcupines
  2 small abominations (Abyss:1)
  3 ice beasts
  15 orc warriors
  3 phantoms
  2 sky beasts
  2 black bears
  22 wolves
  4 centaurs
  8 ogres
  16 crocodiles
  2 big kobolds
  8 bullfrogs
  5 scorpions
  21 killer bees (Lair:1)
  An electric eel (Lair:5)
  6 wights (D:8)
  5 howler monkeys
  8 jellies
  8 crimson imps
  A quasit (D:8)
  A centaur skeleton (D:7)
  7 hounds
  15 orc priests
  Crazy Yiuf (D:3)
  14 orc wizards
  4 iguanas
  5 worker ants
  A killer bee zombie (D:4)
  A hound skeleton (D:7)
  7 gnolls
  14 adders
  A shadow imp (D:10)
  3 oozes
  An adder zombie (D:8)
  4 worms
  A dart slug (D:4)
  4 leopard geckos
  70 orcs
  A ball python (D:2)
  7 giant cockroaches
  8 goblins
  7 hobgoblins
  16 jackals
  5 quokkas
  13 bats
  11 frilled lizards
  2 hobgoblin zombies (D:7)
  26 kobolds
  3 kobold skeletons (D:7)
  A leopard gecko zombie (D:5)
  2 orc zombies (D:7)
  13 rats
  A fungus (Lair:3)
549 creatures vanquished.

Vanquished Creatures (collateral kills)
  A frost giant (IceCv)
  3 killer bees (Lair:1)
4 creatures vanquished.

Vanquished Creatures (others)
  A killer bee (Lair:1)
  An orc wizard (D:7)
  A leopard gecko (D:7)
  2 bushes
  2 plants (Lair:1)
  6 starspawn tentacles (Abyss:1)
13 creatures vanquished.

Grand Total: 566 creatures vanquished

Notes
Turn   | Place    | Note
-------+----------+-------------------------------------------
     0 | D:1      | MenacingMecha the Barachi Berserker began the quest for the Orb.
     0 | D:1      | Reached XP level 1. HP: 18/18 MP: 1/1
   241 | D:1      | Reached skill level 4 in Long Blades
   268 | D:1      | Reached XP level 2. HP: 17/24 MP: 2/2
   724 | D:2      | Reached skill level 5 in Long Blades
   724 | D:2      | Reached XP level 3. HP: 29/29 MP: 3/3
   731 | D:2      | Reached ** piety under Trog
   734 | D:2      | Reached XP level 4. HP: 23/36 MP: 4/4
   743 | D:2      | HP: 9/36 [poisoned by a gnoll]
   749 | D:2      | HP: 7/36 [poisoned by a gnoll]
   755 | D:2      | HP: 6/36 [poisoned by a gnoll]
  1008 | D:2      | Found a glowing golden altar of the Shining One.
  1042 | D:2      | Reached skill level 6 in Long Blades
  1161 | D:2      | Found a sparkling altar of Nemelex Xobeh.
  1161 | D:2      | Found an opulent altar of Gozag.
  2021 | D:3      | Noticed Shimatora's ghost (amateur HOFi)
  2143 | D:3      | Reached XP level 5. HP: 26/41 MP: 5/5
  2377 | D:2      | HP: 10/41 [poisoned by a kobold]
  2383 | D:2      | HP: 7/41 [poisoned by a kobold]
  2390 | D:2      | HP: 5/41 [poisoned by a kobold]
  2397 | D:2      | HP: 4/41 [poisoned by a kobold]
  2405 | D:2      | HP: 3/41 [poisoned by a kobold]
  2782 | D:4      | Noticed a phantom
  2822 | D:4      | Killed a phantom
  2822 | D:4      | Reached skill level 7 in Long Blades
  2968 | D:3      | Reached XP level 6. HP: 47/47 MP: 6/6
  2997 | D:3      | HP: 11/47 [Shimatora's ghost (5)]
  3315 | D:4      | Reached skill level 8 in Long Blades
  3399 | D:4      | Found a glowing silver altar of Zin.
  3606 | D:4      | Got an iridescent whip
  3608 | D:4      | Identified the cursed +2 whip "Huymef" {slash, +Inv rPois rC- Dex+7} (You found it on level 4 of the Dungeon)
  3720 | D:4      | Found a shimmering altar of Xom.
  4111 | D:4      | Found a shadowy altar of Dithmenos.
  4474 | D:5      | Entered Level 5 of the Dungeon
  4533 | D:5      | Reached *** piety under Trog
  4620 | D:5      | Noticed a phantom
  4668 | D:5      | Killed a phantom
  4668 | D:5      | Reached skill level 9 in Long Blades
  4668 | D:5      | Reached XP level 7. HP: 38/52 MP: 7/7
  5045 | D:5      | Reached skill level 10 in Long Blades
  5944 | D:6      | Got a coiled amber ring
  5947 | D:6      | Identified the ring "Nifoump" {rElec EV+1} (You found it on level 6 of the Dungeon)
  6031 | D:6      | Found a hazy altar of Hepliaklqana.
  6031 | D:6      | Found an ornate altar of the Wu Jian Council.
  6093 | D:6      | Reached skill level 3 in Dodging
  6522 | D:6      | Reached skill level 4 in Dodging
  6745 | D:7      | Found a staircase to the Ecumenical Temple.
  6758 | D:6      | Reached XP level 8. HP: 59/59 MP: 8/8
  6812 | D:7      | Reached skill level 5 in Dodging
  7090 | D:6      | Reached skill level 6 in Dodging
  7195 | D:6      | Reached skill level 7 in Dodging
  7198 | D:6      | Gained mutation: Your muscles are strong. (Str +2) [mutagenic meat]
  7199 | D:6      | Gained mutation: Your flesh is heat resistant. (rF+) [mutagenic meat]
  7200 | D:6      | Gained mutation: You are clumsy. (Dex -2) [mutagenic meat]
  7201 | D:6      | Gained mutation: Your flesh is cold resistant. (rC+) [mutagenic meat]
  7202 | D:6      | Gained mutation: Your mind is acute. (Int +2) [mutagenic meat]
  7203 | D:6      | Gained mutation: You are very clumsy. (Dex -4) [mutagenic meat]
  7358 | D:7      | Noticed a hippogriff
  7582 | D:7      | Reached skill level 11 in Long Blades
  7677 | D:7      | Found a basalt altar of Yredelemnul.
  7703 | D:7      | Reached XP level 9. HP: 64/64 MP: 9/9
  7911 | D:7      | Noticed Joseph
  7913 | D:7      | Reached skill level 12 in Long Blades
  7955 | D:8      | Reached **** piety under Trog
  8242 | D:8      | Noticed Erica
  8245 | D:8      | Found Zaickual's General Store.
  8261 | D:8      | Killed Erica
  8261 | D:8      | Reached skill level 13 in Long Blades
  8307 | D:8      | Bought a scroll of teleportation for 45 gold pieces
  8307 | D:8      | Bought a scroll of teleportation for 45 gold pieces
  8386 | D:8      | Reached skill level 14 in Long Blades
  8432 | D:7      | Found a glowing golden altar of the Shining One.
  8453 | D:7      | Reached skill level 1 in Stealth
  8507 | D:8      | Reached skill level 2 in Stealth
  8507 | D:8      | Reached XP level 10. HP: 49/70 MP: 10/10
  8614 | D:8      | Noticed Gastronok
  8643 | D:8      | Killed Gastronok
  8643 | D:8      | Reached skill level 6 in Stealth
  8742 | D:8      | Reached skill level 3 in Armour
  8851 | D:8      | Reached skill level 4 in Armour
  8972 | D:8      | Reached skill level 4 in Fighting
  9221 | D:6      | Reached skill level 5 in Fighting
  9331 | D:3      | Killed Shimatora's ghost
  9548 | D:3      | Found a runed door.
  9770 | D:3      | Noticed Crazy Yiuf
  9775 | D:3      | Killed Crazy Yiuf
  9943 | D:9      | Found a staircase to the Lair.
  9943 | D:9      | Noticed an elephant
  9950 | D:9      | Reached skill level 8 in Dodging
  9958 | D:9      | Killed an elephant
  9958 | D:9      | Reached skill level 2 in Throwing
  9960 | D:9      | Reached skill level 3 in Throwing
  9960 | D:9      | Reached XP level 11. HP: 79/79 MP: 11/11
 10139 | D:9      | Found a blossoming altar of Fedhas.
 10153 | D:9      | Reached ***** piety under Trog
 10511 | D:9      | Reached skill level 9 in Dodging
 10512 | D:9      | Received a gift from Trog
 10707 | D:9      | Found a radiant altar of Vehumet.
 10788 | D:9      | Noticed a deep elf mage
 10887 | D:10     | Entered Level 10 of the Dungeon
 10913 | D:10     | Found a staircase to the Orcish Mines.
 11029 | D:10     | Noticed an oklob plant
 11036 | D:10     | Noticed a two-headed ogre
 11046 | D:10     | Killed a two-headed ogre
 11046 | D:10     | Reached skill level 6 in Fighting
 11198 | D:10     | Received a gift from Trog
 11633 | D:10     | Found a sacrificial altar of Ru.
 11684 | D:10     | Reached skill level 7 in Fighting
 11829 | D:10     | Noticed a two-headed ogre
 11836 | D:10     | Killed a two-headed ogre
 12187 | Lair:1   | Entered Level 1 of the Lair of Beasts
 12211 | Lair:1   | Reached skill level 8 in Fighting
 12237 | Lair:1   | Reached skill level 9 in Fighting
 12470 | Lair:1   | Reached skill level 10 in Fighting
 12514 | Lair:1   | Reached skill level 2 in Evocations
 12711 | Lair:1   | Reached skill level 3 in Evocations
 12737 | Lair:1   | Got a translucent scale mail
 12738 | Lair:1   | Identified the +1 scale mail of the Cockroach {rElec rC- rCorr} (You found it on level 1 of the Lair of Beasts)
 12858 | Lair:1   | Noticed a four-headed hydra
 12865 | Lair:1   | Reached skill level 4 in Evocations
 12869 | Lair:1   | Killed a one-headed hydra
 12869 | Lair:1   | Reached skill level 5 in Evocations
 12915 | Lair:1   | Reached XP level 12. HP: 97/97 MP: 14/16
 12981 | Lair:1   | Reached skill level 6 in Evocations
 13094 | Lair:1   | Received a gift from Trog
 13600 | Lair:2   | Reached skill level 11 in Fighting
 13723 | Lair:2   | Reached skill level 10 in Dodging
 14383 | Lair:2   | Reached skill level 5 in Armour
 15213 | D:9      | Reached skill level 6 in Armour
 15654 | D:7      | Killed Joseph
 15654 | D:7      | Reached skill level 2 in Bows
 15834 | D:7      | Reached skill level 3 in Bows
 16826 | Lair:3   | Noticed Nergalle
 16876 | Lair:2   | Reached skill level 4 in Bows
 16890 | Lair:2   | Reached skill level 5 in Bows
 16896 | Lair:2   | Reached skill level 6 in Bows
 17146 | Lair:2   | Reached skill level 7 in Bows
 17277 | Lair:3   | Reached skill level 8 in Bows
 17429 | Lair:3   | Got a brightly glowing war axe
 17586 | Lair:3   | Reached skill level 9 in Bows
 17883 | Lair:3   | Found a hole to the Spider Nest.
 17970 | Lair:3   | Found a staircase to the Swamp.
 18023 | Lair:3   | Reached skill level 10 in Bows
 18023 | Lair:3   | Gained mutation: You can hop longer distances. [Barachi growth]
 18023 | Lair:3   | Reached XP level 13. HP: 84/106 MP: 17/17
 18550 | Lair:4   | Reached skill level 11 in Bows
 18598 | Lair:4   | Found a frozen archway.
 18695 | IceCv    | Entered an ice cave
 18792 | IceCv    | Reached skill level 12 in Bows
 19322 | IceCv    | HP: 24/106 [polar bear (10)]
 19341 | IceCv    | HP: 25/106 [wolf (3)]
 19685 | IceCv    | Reached skill level 13 in Bows
 19832 | IceCv    | Noticed a frost giant
 19873 | IceCv    | Reached skill level 7 in Armour
 19979 | IceCv    | Killed a frost giant
 20275 | IceCv    | Got an ichor-stained glaive
 20577 | Lair:4   | Reached skill level 8 in Armour
 21166 | Lair:4   | Received a gift from Trog
 21179 | Lair:4   | Reached skill level 11 in Dodging
 22484 | Lair:5   | Found a staircase to the Slime Pits.
 22746 | Lair:5   | Reached skill level 12 in Dodging
 22817 | Lair:5   | Noticed Kirke
 22994 | Lair:4   | HP: 26/106 [poisoned by a black mamba]
 22999 | Lair:4   | HP: 24/106 [poisoned by a black mamba]
 23004 | Lair:4   | HP: 22/106 [poisoned by a black mamba]
 23009 | Lair:4   | HP: 21/106 [poisoned by a black mamba]
 23016 | Lair:4   | HP: 21/106 [poisoned by a black mamba]
 23024 | Lair:4   | HP: 21/106 [poisoned by a black mamba]
 23349 | Lair:4   | Reached XP level 14. HP: 82/113 MP: 18/18
 23776 | Orc:1    | Entered Level 1 of the Orcish Mines
 23960 | Orc:1    | Reached skill level 13 in Dodging
 24381 | Orc:2    | Entered Level 2 of the Orcish Mines
 24751 | Orc:2    | Received a gift from Trog
 24771 | Orc:2    | Found a roughly hewn altar of Beogh.
 24885 | Orc:2    | Found a staircase to the Elven Halls.
 24956 | Orc:2    | Received a gift from Trog
 24971 | Orc:2    | Found a roughly hewn altar of Beogh.
 24999 | Orc:2    | Found Xotwy's Magic Scroll Shop.
 25163 | Orc:2    | Reached skill level 9 in Armour
 25174 | Orc:2    | Found a roughly hewn altar of Beogh.
 25212 | Orc:2    | Found a roughly hewn altar of Beogh.
 25332 | Orc:2    | Cast into level 1 of the Abyss (orc warrior)
 25426 | Abyss:1  | Noticed a tentacled starspawn
 25495 | Abyss:1  | Gained mutation: You expend magic power (3 MP) to strengthen your wands. [a neqoxec]
 25501 | Abyss:1  | Gained mutation: You tend to lose your temper in combat. [a neqoxec]
 25544 | Abyss:1  | HP: 13/79 [raiju (9)]
 25545 | Abyss:1  | HP: 6/79 [raiju/living lightning (5)]
 25545 | Abyss:1  | HP: 1/79 [raiju/living lightning (5)]
 25546 | Abyss:1  | Slain by a rust devil

Vault maps used:
D:1:      dpeg_arrival_chambers_temple_mockup
D:2:      grunt_temple_overflow_opulence, nicolae_overflow_crystal_walls,
          first_bread, grunt_decor_fettered, lexackson_kobold_supper
D:3:      minmay_quantized, uniq_crazy_yiuf_cottage
D:4:      kennysheep_little_box, overflow_temple_1_default, tgw_xom
D:6:      chequers_temple_overflow_statue_of_worship
D:7:      lemuel_crystal_altar, temple_pool_b, grunt_ogre_cave, moated_statue,
          nicolae_tso_besieged_by_evil, uniq_joseph
D:8:      serial_shops, nicolae_shop_crystal, grunt_ministairs_11,
          serial_park_tiny_1, uniq_gastronok, uniq_erica
D:9:      cheibrodos_iron_armory, vehumet_crystals, overflow_temple_1_default,
          david_lair_generic, minmay_librarian
D:10:     erik_orc_3, basic_altar, dpeg_stationary_puzzle
Lair:1:   serial_bayou_shore_a
Lair:2:   beast_lair_carwin_4, infiniplex_staircase_pool_2
Lair:3:   minmay_swamp_entry_reptiles, nicolae_spider_entry_orb_guardian,
          uniq_nergalle
Lair:4:   portal_ice_cave_entry_pillars_2
Lair:5:   nicolae_slime_entry_slimehenge, beast_lair_carwin_8,
          infiniplex_staircase_pool, uniq_kirke
Orc:2:    grunt_orc_community_town_hall, grunt_orc_community_big_house_1,
          grunt_orc_community_big_house_2, grunt_orc_community_house_3,
          grunt_orc_community_house_3, grunt_orc_community_house_1,
          grunt_orc_community_house_2, grunt_orc_community_house_3, basic_altar
IceCv:    ice_cave_small_giant

Skill      XL: |  1  2  3  4  5  6  7  8  9 10 11 12 13 14 |
---------------+-------------------------------------------+-----
Long Blades    | 4 5 6 7 9 10 11 14 | 14.2
Dodging        | 4 7 8 9 10 12 13 | 13.4
Stealth        | 2 6 |  6.7
Armour         | 4 6 8 9 |  9.0
Fighting       | 5 10 11 | 11.0
Throwing       | 3 |  3.1
Evocations     | 5 6 |  6.1
Bows           | 10 13 | 13.2

Action                   |  1- 3 |  4- 6 |  7- 9 | 10-12 | 13-15 || total
-------------------------+-------+-------+-------+-------+-------++-------
Melee: Falchion          |    42 |   384 |   350 |       |       ||   776
       Scimitar          |       |       |    75 |   616 |   566 ||  1257
       Great sword       |       |       |       |     4 |       ||     4
 Fire: Shortbow          |       |       |       |    64 |   225 ||   289
Throw: Tomahawk          |       |       |       |    42 |     2 ||    44
       Javelin           |       |       |       |     9 |     1 ||    10
Invok: Berserk           |     1 |     2 |     7 |     4 |     2 ||    16
       Trog's Hand       |       |       |     1 |     1 |       ||     2
       Brothers in Arms  |       |       |       |       |     3 ||     3
 Abil: Hop               |       |     2 |       |       |       ||     2
Evoke: Wand              |       |       |       |     2 |     2 ||     4
  Use: Scroll            |       |     6 |     3 |    22 |     5 ||    36
       Potion            |       |       |       |     3 |     3 ||     6
 Stab: Sleeping          |       |       |       |     4 |     2 ||     6
       Distracted        |       |       |       |       |     1 ||     1
  Eat: Chunk             |       |    10 |    19 |    33 |    26 ||    88
       Royal jelly       |       |     1 |     1 |       |     1 ||     3
       Meat ration       |       |     1 |     1 |       |       ||     2
       Bread ration      |       |       |       |     1 |       ||     1
Armor: Animal skin       |    22 |    12 |       |       |       ||    34
       Scale mail        |       |   150 |   173 |   182 |     1 ||   506
       Swamp dragon scal |       |       |       |       |   178 ||   178
Dodge: Dodged            |    45 |   173 |   235 |   375 |   430 ||  1258
       Rpst.: Falchion   |    18 |    51 |    57 |       |       ||   126
       Scimitar          |       |       |     6 |   108 |   107 ||   221

Vault maps used:
D:1:      dpeg_arrival_chambers_temple_mockup
D:2:      grunt_temple_overflow_opulence, nicolae_overflow_crystal_walls,
          first_bread, grunt_decor_fettered, lexackson_kobold_supper
D:3:      minmay_quantized, uniq_crazy_yiuf_cottage
D:4:      kennysheep_little_box, overflow_temple_1_default, tgw_xom
D:6:      chequers_temple_overflow_statue_of_worship
D:7:      lemuel_crystal_altar, temple_pool_b, grunt_ogre_cave, moated_statue,
          nicolae_tso_besieged_by_evil, uniq_joseph
D:8:      serial_shops, nicolae_shop_crystal, grunt_ministairs_11,
          serial_park_tiny_1, uniq_gastronok, uniq_erica
D:9:      cheibrodos_iron_armory, vehumet_crystals, overflow_temple_1_default,
          david_lair_generic, minmay_librarian
D:10:     erik_orc_3, basic_altar, dpeg_stationary_puzzle
Lair:1:   serial_bayou_shore_a
Lair:2:   beast_lair_carwin_4, infiniplex_staircase_pool_2
Lair:3:   minmay_swamp_entry_reptiles, nicolae_spider_entry_orb_guardian,
          uniq_nergalle
Lair:4:   portal_ice_cave_entry_pillars_2
Lair:5:   nicolae_slime_entry_slimehenge, beast_lair_carwin_8,
          infiniplex_staircase_pool, uniq_kirke
Orc:2:    grunt_orc_community_town_hall, grunt_orc_community_big_house_1,
          grunt_orc_community_big_house_2, grunt_orc_community_house_3,
          grunt_orc_community_house_3, grunt_orc_community_house_1,
          grunt_orc_community_house_2, grunt_orc_community_house_3, basic_altar
IceCv:    ice_cave_small_giant

Table legend:
 A = Turns spent in this place as a percentage of turns spent in the entire game.
 B = Non-inter-level travel turns spent in this place as a percentage of non-inter-level travel turns spent in the entire game.
 C = Inter-level travel turns spent in this place as a percentage of turns spent in this place.
 D = Turns resting spent in this place as a percentage of non-inter-level travel turns spent in this place.
 E = Turns spent auto-exploring this place as a percentage of non-inter-level travel turns spent in this place.
 F = Non-inter-level travel turns spent in this place divided by the number of levels of this place that you've seen.
                   A       B       C       D       E      F
               +-------+-------+-------+-------+-------+----------------------
         Total | 100.0 | 100.0 |   0.9 |   4.5 |   4.6 | 385.2
       Dungeon |  52.6 |  52.5 |   1.1 |   4.6 |   5.6 | 384.5
          Lair |  26.9 |  26.8 |   1.3 |   4.7 |   4.7 | 392.2
  Orcish Mines |   9.4 |   9.4 |   0.1 |   4.6 |   3.5 | 345.0
         Abyss |   2.6 |   2.6 |   0.0 |   4.1 |   0.0 | 193.0
      Ice Cave |   8.5 |   8.6 |   0.0 |   4.0 |   0.3 | 630.0
               +-------+-------+-------+-------+-------+----------------------

Table legend:
 A = Kills in this place as a percentage of kills in entire the game.
 B = Kills by you in this place as a percentage of kills by you in the entire game.
 C = Kills by friends in this place as a percentage of kills by friends in the entire game.
 D = Other kills in this place as a percentage of other kills in the entire game.
 E = Experience gained in this place as a percentage of experience gained in the entire game.
 F = Experience gained in this place divided by the number of levels of this place that you have seen.
                   A       B       C       D       E      F
               +-------+-------+-------+-------+-------+----------------------
         Total | 100.0 | 100.0 | 100.0 | 100.0 | 100.0 | 3325.7
       Dungeon |  51.7 |  52.8 |   0.0 |  18.2 |  22.6 | 1425.4
          Lair |  28.1 |  26.7 |  75.0 |  81.8 |  50.8 | 6416.2
  Orcish Mines |  13.0 |  13.3 |   0.0 |   0.0 |  10.5 | 3308.5
         Abyss |   0.7 |   0.7 |   0.0 |   0.0 |   1.9 | 1216.0
      Ice Cave |   6.5 |   6.5 |  25.0 |   0.0 |  14.3 | 9020.0
               +-------+-------+-------+-------+-------+----------------------
